 Dungeon Crawl Stone Soup version 0.16.0-11-gd45b091 (console) character file.

1703808 wheals the Slayer (level 27, 236/236 (238) HPs)
             Began as a Formicid Assassin on Mar 16, 2015.
             Was the Champion of Fedhas.
             Escaped with the Orb
             ... and 3 runes on Mar 17, 2015!
             The game lasted 02:48:52 (64407 turns).

wheals the Slayer (Formicid Assassin)              Turns: 64407, Time: 02:48:52

HP:   236/236 (238) AC: 36    Str: 24      XL:     27
MP:   14/14         EV: 23    Int:  9 (10) God:    Fedhas [******]
Gold: 3675          SH: 21    Dex: 18      Spells: 0 memorised, 26 levels left

rFire  + . .     SeeInvis +     a - +8 Wrath of Trog {antimagic, *Rage}
rCold  . . .     Clarity  .     M - +4 pearl dragon armour
rNeg   + . .     SustAb   .     X - +0 large shield {mennas}
rPois  +         Gourm    .     (helmet unavailable)
rElec  .         Spirit   .     i - +2 cloak {rPois} {nikola}
rCorr  .         Warding  .     P - +2 pair of gloves
rMut   .         Stasis   +     j - +2 pair of boots
MR     +++..                    K - necklace of Bloodlust {*Rage +Rage MR+ Str+2 Int-2 Slay+3 Curse}
Stlth  +.........               S - ring of protection from fire
                                G - +2 ring of evasion

@: extremely resistant to hostile enchantments, very unstealthy
A: permanent stasis, dig shafts and tunnels, four strong arms, antennae 3, high
mp 1
a: Dig, Shaft Self, Evolution, Sunlight, Growth, Reproduction, Rain, Renounce
Religion
0: Orb of Zot
}: 3/15 runes: decaying, silver, gossamer


You escaped.
You worshipped Fedhas.
Fedhas was exalted by your worship.
You were very hungry.

You visited 8 branches of the dungeon, and saw 52 of its levels.
You visited 1 bazaar.
You also visited: Labyrinth, Trove, Bailey and Ice Cave.

You collected 9861 gold pieces.
You spent 6186 gold pieces at shops.

Inventory:

Hand weapons
 a - the +8 Wrath of Trog (weapon) {antimagic, *Rage}
   (You bought it in a shop on level 4 of the Dungeon)

   It disrupts the flow of magical energy around spellcasters and certain
   magical creatures (including the wielder).
   It may make you go berserk in combat.
 b - a +7 blowgun of evasion
   (You took it off Sonja on level 3 of the Orcish Mines)
 c - a +6 executioner's axe of freezing {IceCv}
   (You found it in an ice cave)
Missiles
 f - 10 curare-tipped needles
Armour
 i - a +2 cloak of poison resistance (worn) {nikola}
   (You took it off Nikola on level 3 of the Swamp)
 j - a +2 pair of boots (worn)
   (You found it on level 1 of the Dungeon)
 M - a +4 pearl dragon armour (worn)
   (You bought it in a shop on level 4 of the Orcish Mines)
 P - a +2 pair of gloves (worn)
   (You found it on level 11 of the Dungeon)
 X - a +0 large shield (worn) {mennas}
   (You took it off Mennas on level 4 of the Vaults)
Jewellery
 k - an uncursed amulet of resist mutation
   (You found it on level 2 of the Depths)
 l - the amulet "Klae" {rPois rC+ Regen+ Str+3}
   (You found it in a treasure trove)

   [amulet of regeneration]

   It affects your strength (+3).
   It protects you from cold.
   It protects you from poison.
   It increases your rate of regeneration.
 o - an uncursed ring of protection from magic
   (You found it in a labyrinth)
 E - an uncursed amulet of resist corrosion
   (You found it on level 8 of the Lair of Beasts)
 G - a +2 ring of evasion (left hand)
   (You found it on level 8 of the Dungeon)
 K - the necklace of Bloodlust (around neck) {*Rage +Rage MR+ Str+2 Int-2 Slay+3 Curse}
   (You found it on level 2 of the Vaults)

   [amulet of rage]

   It affects your strength (+2).
   It affects your intelligence (-2).
   It affects your accuracy and damage with ranged weapons and melee attacks
   (+3).
   It affects your resistance to hostile enchantments.
   It lets you go berserk.
   It may make you go berserk in combat.
   It may re-curse itself when equipped.
 S - a ring of protection from fire (right hand)
   (You found it on level 8 of the Dungeon)
 U - an uncursed ring of protection from cold
   (You found it on level 5 of the Swamp)
Magical devices
 h - a wand of digging (13)
   (You found it on level 1 of the Depths)
 O - a wand of paralysis (11)
   (You found it on level 3 of the Depths)
 V - a wand of disintegration (16)
   (You found it on level 8 of the Lair of Beasts)
 W - a wand of digging (20)
   (You found it on level 2 of the Lair of Beasts)
 Y - a wand of digging (7)
   (You found it on level 1 of the Lair of Beasts)
Scrolls
 e - 24 scrolls of identify
 p - 14 scrolls of remove curse
 v - 9 scrolls of recharging
 z - 2 scrolls of holy word
 A - 14 scrolls of fog
 J - 4 scrolls of fear
 R - a scroll of summoning
 T - 4 scrolls of magic mapping
Potions
 d - 2 potions of flight
 s - 13 potions of magic {!q}
 t - a potion of might
 x - 5 potions of restore abilities
 B - 7 potions of heal wounds {!q}
 C - 11 potions of brilliance
 D - 3 potions of agility
 L - 2 potions of cancellation
Miscellaneous
 m - 2 phantom mirrors
 w - a fan of gales
   (You found it on level 12 of the Dungeon)
 y - a stone of tremors
   (You found it on level 5 of the Vaults)
 F - a sack of spiders {used: 5}
   (You found it on level 5 of the Spider Nest)
 I - a box of beasts {used: 6}
   (You found it on level 2 of the Lair of Beasts)
Comestibles
 g - 31 bread rations
 q - 21 meat rations
 r - a fruit {snozzcumber}
 u - 5 beef jerkies
 Q - 10 slices of pizza


   Skills:
 + Level 24.0 Fighting
   Level 2.0 Short Blades
 - Level 21.0(21.9) Axes
   Level 12.3(18.0) Maces & Flails
 - Level 1.5 Throwing
 + Level 22.6 Armour
 + Level 14.6 Dodging
 - Level 4.8 Stealth
 - Level 15.3 Shields
 - Level 14.0 Invocations
 - Level 5.0 Evocations


You had 26 spell levels left.
You didn't know any spells.

Dungeon Overview and Level Annotations

Branches:
Dungeon (15/15)            Temple (0/1) D:6            Lair (8/8) D:9
  Swamp (5/5) Lair:4       Spider (5/5) Lair:5        Slime (0/6) Lair:6
    Orc (4/4) D:12            Elf (0/3) Orc:3        Vaults (5/5) D:14
  Crypt (0/3) Vaults:3     Depths (5/5) D:15            Zot (5/5) Depths:5

Altars:
Ashenzari
Cheibriados
Fedhas
Gozag
Makhleb
Nemelex Xobeh
Okawaru
Qazlal
Trog
Vehumet
Xom
Zin
The Shining One
Beogh

Shops:
D:4 (   D:10 (   Orc:4 [}?*=   Vaults:1 :**   Vaults:5 *?

Portals:
Hell: Depths:1 Depths:2 Depths:3 Depths:4 Depths:5
Abyss: Depths:3 Depths:4
Pandemonium: Depths:2 Depths:3
Ziggurat: Depths:1

Annotations:
Depths:1 stuff


Innate Abilities, Weirdness & Mutations

You are under a permanent stasis effect.
You can dig through walls and to a lower floor.
Your four strong arms can wield two-handed weapons with a shield.
You have a pair of large antennae on your head (SInv).
You have an increased reservoir of magic (+10% MP).


Message History

The hellwing hits you but does no damage.
You completely miss the hellwing.
The hellwing is almost dead.
You block the hellwing's attack.
The hellwing hits you but does no damage.
You completely miss the hellwing.
The hellwing is almost dead.
You slice the hellwing!!!
You kill the hellwing!
A red devil comes into view. It is wielding a trident.
You are feeling very hungry.
There is a stone staircase leading up here.
You climb upwards.
You sense a powerful magical force warping space.
There is a stone staircase leading down here.
A rust devil comes into view.
You block the rust devil's attack.
You completely miss the rust devil. You hit the rust devil.
The rust devil is lightly wounded.
The rust devil misses you.
You hit the rust devil but do no damage.
The rust devil is lightly wounded.
The rust devil closely misses you.
You closely miss the rust devil.
The rust devil is lightly wounded.
You hit the rust devil!
The rust devil is heavily wounded.
The rust devil closely misses you.
You slash the rust devil!!
The rust devil is almost dead.
You block the rust devil's attack.
You slash the rust devil!!
You kill the rust devil!
(D) Dungeon (T) Temple (L) Lair (S) Swamp (N) Spider Nest (M) Slime Pits (O) Orcish Mines (E) Elven Halls (V) Vaults (C) Crypt (U) Depths (H) Hell (Z) Zot
Where to? (Enter - D:1 @ (x,y), ? - help)
You see here a club.
You see here 14 stones.
You open the door.
There is an open door here.
There is a staircase leading out of the dungeon here.
There is a staircase leading out of the dungeon here.
Wield which item (- for none, * to show all)? (? for menu, Esc to quit)
Okay, then.
Wear which item? (? for menu, Esc to quit)
You start removing your armour.
You continue taking off your +2 cloak of poison resistance {nikola}. x4
You finish taking off your +2 cloak of poison resistance {nikola}.
You no longer feel resistant to poison.
You start putting on your armour.
You continue putting on your embroidered cloak. x5
You finish putting on your +1 cloak.
Wear which item? (? for menu, Esc to quit)
You start removing your armour.
You continue taking off your +1 cloak.
You continue taking off your +1 cloak.
Keep disrobing? [Y]es or [N]o only, please.
Keep disrobing? [Y]es or [N]o only, please.
Keep disrobing?
You stop removing your armour. 2 large abominations come into view.
You block the Executioner's attack. x2
The Executioner misses you. The Executioner closely misses you.
The Executioner completely misses you.
The Executioner hits you but does no damage.
There is an open door here.
You slice the Executioner!!!
The Executioner's magic leaks into the air.
The Executioner is almost dead.
You block the Executioner's attack. x2
The Executioner closely misses you. The Executioner gestures at you.
You resist with almost no effort.
You slice the Executioner!!!
You kill the Executioner!
Unknown command.
You slice the large abomination like a ripe choko!!!!
You destroy the large abomination!
You slice the large abomination!!!
You destroy the large abomination!
No target in view!
There is an open door here.
Wear which item? (? for menu, Esc to quit)
You start removing your armour.
You continue taking off your +1 cloak.
You continue taking off your +1 cloak. x3
You finish taking off your +1 cloak.
You start putting on your armour.
You continue putting on your +2 cloak of poison resistance {nikola}. x5
You finish putting on your +2 cloak of poison resistance {nikola}.
You feel resistant to poison.
Drop what? 49/52 slots (_ for help) (? for menu, Esc to quit)
You drop a +1 cloak.
There is a staircase leading out of the dungeon here.
You see here a +1 cloak.
There is a staircase leading out of the dungeon here.
You have escaped!

#.###### ♣#≈# ##.#
###...# ♣♣.#♣ #.# ##
#.....##♣##.#.####.#
.#####...#♣♣............#
.........# #...........#♣
.#####.####♣..#######..♣
.# #.#..♣♣..#.....#..♣##
.# #.#.♣#...'.[...#...≈#
.# #..(..#..#.a..P#..#.#
.# #.#.♣≈...#.....#...#♣
.# #.#.#♣♣..#.....#..#♣
.# #.#.# #..####'##..♣
.#####...# #...........♣
.........# #...........♣
#######..# ###♣#.♣.#♣♣#♣
#..# ♣♣.♣# #).# #####♣###


There were no monsters in sight!

Vanquished Creatures
  An orb of fire (Zot:5)
  7 ancient liches (Zot:5 Depths:4)
  2 pandemonium lords (Zot:5 Depths:4)
  Boris (Depths:5)
  Margery (Vaults:4)
  4 caustic shrikes (Depths:2)
  3 Killer Klowns (Zot:5)
  Mara (Spider:5)
  Mennas (Vaults:4)
  A bone dragon (Swamp:5)
  Frederick (Vaults:4)
  8 golden dragons (Depths:2 Depths:3 Depths:5 Vaults:5 Zot:5)
  Arachne (Spider:3)
  Nikola (Swamp:3)
  2 electric golems (Zot:5)
  6 liches (Depths:2 Depths:4)
  A Hell Sentinel (D:6)
  A player illusion (Spider:5)
  4 titans (Depths:4 Vaults:5)
  8 tentacled monstrosities (Depths:2 Depths:3 Vaults:5 Zot:3 Zot:5)
  22 Orb Guardians (Zot:5 Depths:2)
  7 sphinxes (Depths:2 Depths:3 Depths:5 Vaults:5)
  A Shadow Fiend (Depths:5)
  2 Executioners (D:11 D:1)
  4 shadow dragons (Depths:2 Vaults:5)
  8 storm dragons (Vaults:1 Depths:2 Depths:5 Vaults:5 Zot:3)
  Frances (Swamp:1)
  An azure jelly (shapeshifter) (Depths:4)
  Roxanne (Swamp:5)
  5 draconian monks (Zot:3 Zot:5)
  10 frost giants (Vaults:4 Depths:2 Depths:3 Depths:4 Depths:5)
  4 tengu reavers (Depths:1 Depths:2 Vaults:5)
  18 fire giants (Vaults:1 Depths:2 Depths:4 Depths:3 Depths:5)
  Donald (Swamp:3)
  An orc warlord (Vaults:4)
  16 vault wardens (Vaults:1 Vaults:2 Vaults:3 Vaults:4 Vaults:5)
  7 ghost moths (Spider:5 Zot:4 Zot:5)
  3 iron dragons (Depths:2 Vaults:5)
  Aizul (Spider:4)
  2 draconian scorchers (Depths:5 Zot:5)
  A balrug (Depths:3)
  3 draconian knights (Zot:3 Zot:5)
  9 emperor scorpions (Spider:4 Spider:5 Depths:1 Depths:3)
  2 cacodemons (Zot:5 Zot:3)
  Gastronok (Orc:3)
  A draconian zealot (Zot:5)
  15 ironheart preservers (Vaults:1 Vaults:2 Vaults:3 Vaults:4 Vaults:5)
  8 very ugly things (Vaults:4 Depths:2 Depths:4 Vaults:5)
  A spriggan defender (Depths:2)
  5 draconian shifters (Depths:5 Zot:5)
  A draconian annihilator (Zot:5)
  15 stone giants (Vaults:2 Depths:2 Depths:3 Depths:4 Depths:5)
  A draconian caller (Zot:5)
  3 war gargoyles (Vaults:3 Depths:4)
  4 green draconians (Depths:5 Zot:3 Zot:5)
  A vampire knight (Depths:2)
  A grey draconian (Depths:5)
  2 deep elf demonologists (Vaults:4 Vaults:5)
  2 deep elf annihilators (Depths:4 Vaults:5)
  A black draconian (Zot:5)
  2 lorocyprocas (Depths:4)
  2 pale draconians (Zot:5)
  4 mottled draconians (Depths:5 Zot:3 Zot:5)
  5 white draconians (Depths:5 Zot:5)
  A yellow draconian (Depths:5)
  2 red draconians (Zot:3 Zot:5)
  An unborn (Vaults:3)
  16 ettins (D:15 Vaults:4 Depths:1 Depths:2 Depths:3)
  2 purple draconians (Depths:5 Zot:3)
  3 dire elephants (Depths:1)
  Snorg (Orc:2)
  A blizzard demon (Depths:2)
  A crystal guardian (Vaults:4)
  2 jiangshi (Depths:5)
  3 great orbs of eyes (Vaults:1 Depths:2 Depths:5)
  28 vault guards (D:11 Vaults:1 Vaults:3 Vaults:4 Vaults:5)
  A deep elf high priest (Vaults:5)
  15 fire dragons (Vaults:1 Vaults:4 Depths:1 Depths:2 Depths:3)
  18 yaktaur captains (Vaults:1 Vaults:2 Vaults:4 Depths:2 Depths:3)
  4 minotaurs (Lab Depths:4 Depths:5)
  10 ogre magi (Vaults:1 Vaults:2 Vaults:4 Vaults:3 Depths:2)
  12 ice dragons (Vaults:1 Vaults:4 Depths:1 Depths:2 Depths:3)
  2 ghost crabs (Swamp:4 Swamp:5)
  5 rakshasas (Vaults:1 Depths:1 Depths:2 Depths:4)
  2 death cobs (Zot:3 Zot:5)
  An ice dragon (shapeshifter) (Depths:4)
  8 spriggan air magi (Depths:2 Depths:3 Depths:4)
  8 hydras (Lair:1 Lair:7 D:13 Swamp:2 Swamp:3)
  A dancing weapon (Vaults:5)
  11 centaur warriors (D:15 D:13 Vaults:1 Vaults:2 Vaults:4)
  5 deep troll earth magi (Vaults:2 Depths:3 Depths:4 Vaults:5)
  A catoblepas (D:14)
  31 death yaks (Lair:5 Lair:8 Depths:1 Depths:2 Depths:4)
  6 alligators (Swamp:1 Swamp:2 Swamp:5)
  7 tengu warriors (D:11 D:13 D:15 Depths:1 Depths:2)
  An alligator (shapeshifter) (Vaults:5)
  6 spriggan berserkers (Depths:2 Depths:3 Depths:5)
  13 deep troll shamans (Vaults:1 Vaults:2 Depths:2 Depths:3 Depths:5)
  A death knight (Vaults:3)
  A vampire mage (Depths:5)
  Urug (D:14)
  3 fire crabs (Vaults:3 Depths:4)
  A wandering mushroom (Swamp:2)
  15 hell knights (D:15 Vaults:4 Depths:2 Depths:3 Depths:4)
  6 iron trolls (Depths:2 Depths:3)
  3 ice devils (IceCv Zot:5)
  The ghost of Gazenkin the Covered, an experienced HuFi of the Shining One (D:6)
  An iron troll (shapeshifter) (Depths:4)
  4 salamander mystics (Depths:3 Depths:4)
  4 unseen horrors (D:11 D:12 D:13 D:15)
  4 deep elf summoners (Vaults:3 Vaults:4 Depths:1 Depths:2)
  5 large abominations (Vaults:5 D:11 D:1)
  2 small abominations (Vaults:5)
  2 deep elf knights (Vaults:3 Vaults:1)
  A shadow wraith (Vaults:3)
  3 swamp dragons (Swamp:1 Swamp:5)
  A spectral hydra (Swamp:5)
  3 spriggan druids (Swamp:3 Swamp:4 Swamp:5)
  A sea snake (shapeshifter) (Vaults:4)
  3 wizards (D:14 Vaults:3 Depths:4)
  36 deep trolls (Vaults:1 Vaults:2 Depths:2 Depths:3 Depths:5)
  An unseen horror (shapeshifter) (D:15)
  16 ironbrand convokers (Vaults:1 Vaults:2 Vaults:3 Vaults:4 Vaults:5)
  6 ice statues (IceCv Depths:1)
  5 flayed ghosts (Vaults:3 Vaults:4 Depths:2 Depths:5)
  An obsidian statue (Zot:2)
  9 hill giants (D:10 D:11 D:13 D:15 Vaults:1)
  9 orc knights (Orc:3 Vaults:1 Vaults:3 Vaults:4)
  2 putrid demonspawn (Depths:2)
  3 salamanders (Depths:3)
  5 deep elf conjurers (Depths:2 Depths:4 Vaults:5 Vaults:4)
  25 wolf spiders (Spider:1 Spider:2 Spider:4 Spider:5 Vaults:1)
  47 ugly things (D:11 D:13 D:15 Swamp:3 Vaults:1)
  A wolf spider zombie (D:15)
  5 necromancers (Vaults:2 Vaults:4 Depths:2)
  9 hornets (Swamp:1 Spider:2 Spider:5 Spider:3 Vaults:5)
  3 phantasmal warriors (Swamp:5 Depths:2)
  2 fire giant zombies (Vaults:2)
  A human zombie (Vaults:2)
  A moth of wrath (shapeshifter) (Vaults:5)
  19 orb spiders (Spider:1 Spider:2 Spider:3 Spider:4 Spider:5)
  5 harpies (Vaults:4)
  3 cyclopes (Vaults:1 Vaults:2)
  A tengu skeleton (Vaults:2)
  A sphinx skeleton (Vaults:2)
  4 orc sorcerers (Orc:4 Vaults:1 Vaults:4)
  An elephant (Lair:4)
  A faun (shapeshifter) (Depths:4)
  An octopode (shapeshifter) (Depths:5)
  7 griffons (Lair:2 Lair:3 Lair:6 Lair:8 Vaults:4)
  9 moths of wrath (Spider:3 Spider:4 Spider:5 Zot:3 Zot:5)
  2 rust devils (Depths:3 D:1)
  An elephant (shapeshifter) (Depths:4)
  3 black mambas (Lair:2 Lair:8)
  An orange demon (Zot:3)
  A stone giant skeleton (Vaults:2)
  A water nymph (shapeshifter) (Depths:3)
  A spiny frog (shapeshifter) (Vaults:5)
  3 torpor snails (Spider:2 Depths:2 Depths:4)
  20 vault sentinels (Vaults:1 Vaults:2 Vaults:3 Vaults:4 Vaults:5)
  2 sixfirhies (Zot:3)
  2 smoke demons (Depths:5)
  4 naga magi (Depths:4)
  An anaconda simulacrum (Depths:4)
  6 komodo dragons (Lair:4 Lair:7 Lair:8 D:12 Lair:3)
  A yaktaur (shapeshifter) (Vaults:4)
  21 spiny frogs (Lair:1 Lair:2 Lair:4 Lair:7 Lair:8)
  A komodo dragon (shapeshifter) (Depths:2)
  7 hellwings (Depths:3 Zot:5 Zot:3 Depths:5 D:2)
  13 demonic crawlers (Spider:2 Spider:3 Spider:4 Spider:5 D:9)
  12 trolls (D:9 Orc:2 Orc:3 D:14 Vaults:1)
  66 yaktaurs (Vaults:1 Vaults:2 Vaults:4 Depths:1 Depths:2)
  9 blue devils (IceCv Depths:2)
  An efreet (D:15)
  5 freezing wraiths (D:14 D:15 Vaults:2 Vaults:4 Vaults:5)
  2 fire drakes (Lair:3 Zot:5)
  3 tengu conjurers (D:11 D:15)
  2 red devils (Depths:2 Depths:3)
  2 polar bears (Depths:2)
  A wind drake (Zot:5)
  Sonja (Orc:3)
  4 deep elf priests (Vaults:4 Vaults:5)
  A polar bear (shapeshifter) (Vaults:1)
  A wind drake (shapeshifter) (Depths:2)
  19 two-headed ogres (D:9 D:12 Vaults:1 Vaults:2 Vaults:4)
  12 giant leeches (Lair:8 Swamp:1 Swamp:2 Swamp:3 Swamp:4)
  33 jumping spiders (Spider:1 Spider:2 Spider:3 Spider:4 Spider:5)
  A trapdoor spider zombie (D:12)
  44 slime creatures (Lair:6 D:14 Swamp:2 Swamp:4 Vaults:1)
  A troll (shapeshifter) (Depths:4)
  3 baby alligators (Swamp:1)
  3 bog bodies (Swamp:1 Swamp:2 Swamp:4)
  2 hydra skeletons (Swamp:5)
  A spectral swamp dragon (Swamp:5)
  8 blink frogs (Lair:3 Lair:8)
  18 trapdoor spiders (Spider:1 Spider:2 Spider:3 Spider:4 Spider:5)
  15 ravens (D:11 D:13 D:15 Swamp:3 Swamp:4)
  10 boulder beetles (Vaults:2 Vaults:3 Vaults:4 Depths:4)
  2 wraiths (D:10)
  A boulder beetle (shapeshifter) (Depths:4)
  13 spriggans (D:10 Swamp:2 Swamp:3 Swamp:4 Swamp:5)
  2 shadows (D:13 Swamp:3)
  58 redbacks (Spider:1 Spider:2 Spider:3 Spider:4 Spider:5)
  A redback (shapeshifter) (Depths:5)
  2 basilisks (Lair:6 Lair:8)
  23 tarantellas (Spider:1 Spider:2 Spider:3 Spider:4 Spider:5)
  2 alligator skeletons (Swamp:5)
  2 water elementals (Depths:1 Depths:5)
  35 yaks (Lair:1 Lair:3 Lair:6 Lair:8 D:10)
  8 deep elf magi (D:9 D:11 D:14 Vaults:2 Vaults:3)
  2 air elementals (Depths:2)
  2 fire elementals (D:15)
  A trapdoor spider (shapeshifter) (Vaults:5)
  2 hungry ghosts (D:10 D:12)
  Eustachio (D:4)
  3 spriggans (shapeshifter) (Depths:2 Depths:4 Vaults:5)
  3 fire bats (Lair:4)
  A golden eye (D:6)
  8 hippogriffs (D:7 Lair:1 Lair:3 Lair:6 Lair:7)
  Grum (Orc:3)
  34 vampire mosquitoes (Lab Lair:8 D:15 Swamp:1 Swamp:2)
  3 mottled dragons (D:13 D:15 Vaults:2)
  6 wyverns (Lair:4 Lair:8 D:13 D:14 D:15)
  3 chaos spawn (Vaults:4 Depths:3 Zot:2)
  4 deep elf fighters (D:13 Vaults:2 Vaults:5)
  A hippogriff (shapeshifter) (Depths:4)
  20 wolves (Lair:4 Lair:6 Lair:8 Orc:3)
  A water moccasin (shapeshifter) (Vaults:5)
  30 swamp worms (Lair:4 Swamp:1 Swamp:2 Swamp:3 Swamp:4)
  17 insubstantial wisps (Swamp:1 Swamp:3 Swamp:2)
  Edmund (D:4)
  A harpy simulacrum (Depths:4)
  2 neqoxecs (Zot:5)
  9 wargs (Orc:1 Orc:4 Vaults:1 Vaults:4)
  A hydra simulacrum (Depths:4)
  24 water moccasins (D:8 Lair:1 Lair:2 Lair:3 Lair:4)
  A hog (shapeshifter) (Vaults:2)
  9 porcupines (Lair:1 Lair:2 Lair:3 Lair:4 Lair:5)
  14 wasps (D:8 Lair:3 D:12 Swamp:2 Swamp:5)
  21 ice beasts (D:5 D:9 IceCv Depths:1)
  10 swamp drakes (Swamp:1 Swamp:3 Swamp:4 Swamp:5)
  A deep dwarf (shapeshifter) (D:13)
  A boggart (shapeshifter) (Vaults:5)
  18 spiders (Lair:5 Spider:1 Spider:2 Spider:3)
  A tengu (shapeshifter) (Vaults:5)
  49 orc warriors (D:6 D:8 D:10 Bailey Orc:2)
  46 ogres (D:5 D:6 D:8 D:11 Orc:2)
  4 phantoms (Swamp:5 Depths:2)
  A swamp dragon zombie (Swamp:5)
  4 boggarts (Depths:1)
  7 sky beasts (D:6 D:7 D:8 D:9 D:10)
  Sigmund (D:5)
  A big kobold (D:11)
  14 crocodiles (Lair:1 Lair:2 Lair:4 Lair:5 Lair:6)
  8 boring beetles (Lair:6 Lair:7 Lair:8 Spider:2)
  A big kobold (shapeshifter) (Depths:5)
  26 giant frogs (D:6 Lair:1 Lair:2 Lair:4 Lair:5)
  24 centaurs (D:7 D:8 D:11 Orc:4 D:13)
  A giant frog (shapeshifter) (Depths:4)
  A wyvern zombie (D:13)
  3 wyvern skeletons (D:9 D:10 D:14)
  7 scorpions (D:6 D:7 D:13 D:14 Spider:2)
  24 killer bees (D:3 D:11 D:13)
  A vampire bat (Lair:6)
  4 wights (D:9)
  3 electric eels (Lair:1 Lair:8 Spider:4)
  A spectral giant frog (Swamp:4)
  4 goliath beetles (D:8)
  2 human simulacra (Vaults:1 Vaults:2)
  3 centaur zombies (D:5 D:11 D:14)
  A lava snake (D:15)
  8 crimson imps (D:3 D:8 D:9 D:10 D:11)
  10 hounds (D:7 D:8 Lair:1 Lair:2 Lair:3)
  3 iron imps (Zot:2 Zot:5 Depths:5)
  A jelly (shapeshifter) (Vaults:2)
  6 iguanas (D:7 D:9 Lair:2 Lair:3 Lair:4)
  31 orc wizards (D:3 D:5 D:6 D:7 D:8)
  Crazy Yiuf (D:4)
  2 giant frog skeletons (D:9 D:11)
  2 giant frog zombies (D:13 D:12)
  7 jellies (D:7 D:8 D:10 D:12 D:13)
  5 centaur skeletons (D:5 D:15 Depths:2)
  4 hell rats (Depths:1)
  24 orc priests (D:6 D:7 D:8 D:10 D:12)
  A spectral swamp drake (Swamp:5)
  2 lightning spires (Zot:2)
  11 worker ants (D:4 D:7 D:8 D:11 D:12)
  16 sheep (Lair:6 Lair:8 Vaults:2)
  Terence (D:2)
  A hound skeleton (D:4)
  2 mummies (D:6 D:10)
  An orc zombie (Vaults:1)
  23 adders (D:2 D:3 D:5 D:8 Lair:1)
  20 gnolls (D:4 Bailey D:7)
  A worker ant zombie (D:11)
  16 river rats (Lair:3 Lair:4 Lair:1)
  A swamp drake skeleton (Swamp:5)
  2 shadow imps (D:12 D:15)
  3 giant mites (D:2 D:8)
  19 white imps (Lair:8 IceCv)
  8 ufetubi (IceCv Zot:5 Zot:3)
  An adder zombie (D:5)
  An adder skeleton (D:10)
  3 giant geckos (D:5 D:8)
  2 oozes (D:1 D:5)
  146 orcs (D:3 D:4 D:5 D:6 D:7)
  17 bats (D:2 D:1 D:3 D:4 D:5)
  2 bat skeletons (D:5 D:6)
  17 goblins (D:1 D:4 D:11 Orc:1 Orc:2)
  32 hobgoblins (D:2 D:1 D:3 D:4 D:8)
  7 jackals (D:1 D:3 D:9)
  28 kobolds (D:1 D:2 D:3 D:4 D:6)
  A ball python (D:3)
  8 giant cockroaches (D:2 D:1 D:3 D:7)
  3 giant newts (D:1 D:3)
  A jackal skeleton (D:8)
  A jackal zombie (D:8)
  8 quokkas (D:2 D:4 D:8 Lair:3 Lair:4)
  A quokka zombie (D:4)
  15 rats (D:1 D:2 D:3 D:7 D:8)
  A crawling corpse (Vaults:5)
2339 creatures vanquished.

Vanquished Creatures (collateral kills)
  Agnes (Swamp:3)
  A shadow dragon (Vaults:5)
  A storm dragon (Zot:5)
  A vault warden (Vaults:5)
  Maud (Swamp:1)
  An iron dragon (Vaults:5)
  2 fire giants (Vaults:5)
  A deep elf sorcerer (Vaults:5)
  A frost giant (shapeshifter) (Vaults:5)
  2 ettins (Depths:3 Vaults:5)
  A deep elf death mage (Vaults:5)
  2 vault guards (Vaults:5)
  A deep elf high priest (Vaults:5)
  3 hydras (Lair:8 Swamp:1 Swamp:3)
  4 death yaks (Lair:4 Lair:5 Lair:8)
  A dancing weapon (Vaults:5)
  2 hell knights (Vaults:5)
  A swamp dragon (Swamp:3)
  A giant orange brain (Vaults:5)
  A death drake (Swamp:5)
  2 spectral hydras (Swamp:5)
  An orc knight (Vaults:5)
  A griffon (Lair:8)
  2 phantasmal warriors (Vaults:5)
  An ugly thing (Swamp:3)
  2 necromancers (Vaults:5)
  6 spiny frogs (Lair:8 Swamp:3 Swamp:5)
  3 komodo dragons (Lair:3 Lair:4 Lair:8)
  3 yaktaurs (Vaults:5)
  2 giant leeches (Lair:8)
  A polar bear (Lair:2)
  13 blink frogs (Lair:3 Lair:7 Lair:8)
  A bog body (Swamp:3)
  A raven (Swamp:3)
  An alligator zombie (Swamp:5)
  A spectral swamp dragon (Swamp:5)
  A shadow (Swamp:5)
  A trapdoor spider (Spider:5)
  A spriggan (Lair:3)
  A redback (Vaults:5)
  2 wyverns (Lair:4)
  A yak (Lair:3)
  A hippogriff (Lair:8)
  4 vampire mosquitoes (Lair:8 Swamp:1)
  A porcupine (Lair:6)
  16 insubstantial wisps (Swamp:1 Swamp:3 Swamp:5)
  Menkaure (D:4)
  3 wolves (Lair:6 Lair:8)
  A spider (Lair:5)
  A boring beetle (Lair:8)
  2 phantoms (Swamp:5)
  4 swamp dragon skeletons (Swamp:5)
  A wasp (Swamp:3)
  A crocodile (Lair:8)
  11 giant frogs (D:9 Lair:1 Lair:3 Lair:4 Lair:8)
  A killer bee (D:3)
  An electric eel (Lair:4)
  A vampire bat (Lair:6)
  2 orc priests (D:4 D:9)
  2 orc wizards (D:4 D:9)
  10 sheep (Lair:4 Lair:8)
  3 river rats (Lair:4)
  An adder (Lair:3)
  A shadow imp (D:4)
  A white imp (Lair:8)
  A giant mite (D:4)
  A swamp drake skeleton (Swamp:5)
  An adder skeleton (D:6)
  10 orcs (D:3 D:4 D:9 Vaults:5)
  3 bats (D:8 Lair:8)
  2 crawling corpses (Vaults:5)
165 creatures vanquished.

Vanquished Creatures (others)
  Asterion (Swamp:3)
  11 oklob plants (IceCv Lair:8 Swamp:5 Vaults:5 Zot:5)
  2 vault guards (Vaults:5)
  A hell knight (Depths:4)
  A spriggan druid (Swamp:5)
  2 orb spiders (Spider:5)
  3 swamp worm zombies (Swamp:5)
  2 air elementals (Depths:3)
  A slime creature (Depths:2)
  7 bog bodies (Swamp:2 Swamp:3 Swamp:5)
  A tarantella (Spider:1)
  14 wandering mushrooms (D:3 D:9 Lair:1 Lair:4 Lair:5)
  An insubstantial wisp (Swamp:5)
  A swamp worm (Swamp:2)
  A swamp drake (Swamp:2)
  A wasp (Lair:5)
  A necrophage (D:9)
  An orc warrior (Vaults:1)
  5 spiders (Spider:5)
  3 chimeras (Swamp:5 Depths:3)
  A lost soul (Vaults:5)
  A scorpion (Lair:5)
  A hound (D:7)
  2 worker ant zombies (D:6 D:9)
  3 ufetubi (IceCv)
  An orc (D:6)
  A giant spore (D:7)
  2 fungi (Lair:8)
  9 plants (Lair:8 Swamp:5 Zot:5)
  1846 toadstools (D:2 D:1 D:3 D:4 D:5)
1927 creatures vanquished.

Grand Total: 4431 creatures vanquished

Notes
Turn   | Place    | Note
--------------------------------------------------------------
     0 | D:1      | wheals, the Formicid Assassin, began the quest for the Orb.
     0 | D:1      | Reached XP level 1. HP: 16/16 MP: 1/1
   242 | D:1      | You fall through a shaft!
   254 | D:2      | Reached XP level 2. HP: 23/23 MP: 3/3
   358 | D:2      | Found a blossoming altar of Fedhas.
   365 | D:2      | Found a shattered altar of Ashenzari.
   372 | D:2      | Found a radiant altar of Vehumet.
   384 | D:2      | Became a worshipper of Fedhas Madash
   601 | D:2      | Noticed Terence
   614 | D:2      | HP: 1/24 [Terence/wand of flame (7)]
   630 | D:2      | Killed Terence
   630 | D:2      | Reached XP level 3. HP: 2/30 MP: 4/4
  1235 | D:2      | Reached XP level 4. HP: 34/38 MP: 5/5
  1356 | D:2      | Found an opulent altar of Gozag.
  2260 | D:3      | Found a shimmering altar of Xom.
  2280 | D:3      | Reached skill level 5 in Fighting
  2325 | D:3      | Acquired Fedhas' first power
  2590 | D:3      | Reached XP level 5. HP: 39/44 MP: 7/7
  2655 | D:3      | Found a snail-covered altar of Cheibriados.
  2739 | D:3      | Reached skill level 6 in Fighting
  2743 | D:3      | Reached XP level 6. HP: 16/53 MP: 8/8
  2763 | D:3      | Reached skill level 7 in Fighting
  2803 | D:3      | Reached skill level 8 in Fighting
  2803 | D:3      | Reached XP level 7. HP: 33/62 MP: 9/9
  3422 | D:3      | Reached skill level 1 in Maces & Flails
  3577 | D:4      | Noticed Crazy Yiuf
  3584 | D:4      | Killed Crazy Yiuf
  3637 | D:4      | Found an iron altar of Okawaru.
  3681 | D:4      | Noticed Edmund
  3695 | D:4      | Killed Edmund
  3695 | D:4      | Reached XP level 8. HP: 58/69 MP: 11/11
  3879 | D:4      | Noticed Eustachio
  3880 | D:4      | Found Yrozaony's Antique Weapon Shoppe.
  3885 | D:4      | Noticed Menkaure
  3887 | D:4      | Killed Eustachio
  3887 | D:4      | Reached skill level 5 in Maces & Flails
  3893 | D:4      | Killed Menkaure
  3915 | D:4      | Bought a runed whip for 62 gold pieces
  4013 | D:5      | Entered Level 5 of the Dungeon
  4125 | D:5      | Learned a level 4 spell: Passage of Golubria
  4333 | D:5      | Noticed Sigmund
  4347 | D:5      | Killed Sigmund
  4641 | D:5      | Reached XP level 9. HP: 65/75 MP: 12/12
  4882 | D:6      | Found a burning altar of Makhleb.
  4911 | D:6      | Noticed Gazenkin's ghost (experienced HuFi)
  4923 | D:6      | Killed Gazenkin's ghost
  4923 | D:6      | Reached skill level 9 in Maces & Flails
  4964 | D:6      | Found a staircase to the Ecumenical Temple.
  5456 | D:7      | Reached skill level 10 in Maces & Flails
  5666 | D:7      | Found a stormy altar of Qazlal.
  5763 | D:7      | Gained mutation: You can spit poison. [potion of beneficial mutation]
  5764 | D:7      | Gained mutation: You have sharp fingernails. [potion of beneficial mutation]
  6223 | D:7      | Reached XP level 10. HP: 73/82 MP: 13/13
  6664 | D:8      | Acquired Fedhas' second power
  6694 | D:8      | Reached skill level 11 in Maces & Flails
  7088 | D:8      | Reached skill level 12 in Maces & Flails
  7205 | D:8      | Found a glowing silver altar of Zin.
  7387 | D:9      | Found a staircase to the Lair.
  7420 | D:9      | Found a sparkling altar of Nemelex Xobeh.
  8330 | Lair:1   | Entered Level 1 of the Lair of Beasts
  8349 | Lair:1   | Reached skill level 1 in Axes
  8421 | Lair:1   | Reached XP level 11. HP: 68/89 MP: 15/15
  8438 | Lair:1   | Noticed a six-headed hydra
  8464 | Lair:1   | Killed a six-headed hydra
  8464 | Lair:1   | Reached skill level 5 in Axes
  8812 | Lair:1   | Acquired Fedhas' third power
  9492 | Lair:2   | Noticed a griffon
  9503 | Lair:2   | Killed a griffon
 10320 | Lair:3   | Reached skill level 10 in Axes
 10320 | Lair:3   | Reached XP level 12. HP: 89/96 MP: 16/16
 10360 | Lair:3   | Noticed a spriggan rider
 10366 | Lair:3   | Killed a wasp
 10366 | Lair:3   | Killed a spriggan
 10366 | Lair:3   | Reached skill level 1 in Invocations
 10366 | Lair:3   | Reached skill level 1 in Evocations
 10442 | Lair:3   | Noticed a griffon
 10450 | Lair:3   | Killed a griffon
 10979 | Lair:3   | Acquired Fedhas' fourth power
 11008 | Lair:3   | Reached skill level 5 in Evocations
 11155 | Lair:3   | Reached skill level 5 in Invocations
 11477 | Lair:4   | Found a labyrinth entrance.
 11483 | Lab      | Entered a labyrinth
 11621 | Lab      | Noticed a minotaur
 11634 | Lab      | Killed a minotaur
 11636 | Lab      | Got a bound amber ring
 11638 | Lab      | Identified the ring "Franuir" {Fire rN+ Int-2 SInv} (You took it off a minotaur in a labyrinth)
 11642 | Lab      | Identified a +5 rod of the swarm (7/11) (You took it off a minotaur in a labyrinth)
 11832 | Lair:4   | Reached skill level 1 in Armour
 12059 | Lair:4   | Found a staircase to the Swamp.
 12324 | Lair:4   | Noticed a death yak
 12347 | Lair:4   | Killed a death yak
 12694 | Lair:4   | Reached skill level 10 in Fighting
 12906 | Lair:5   | Noticed a death yak
 12907 | Lair:5   | Noticed a death yak
 12907 | Lair:5   | Noticed a death yak
 12907 | Lair:5   | Noticed a death yak
 12908 | Lair:5   | Noticed a death yak
 12918 | Lair:5   | Killed a death yak
 12918 | Lair:5   | Reached XP level 13. HP: 101/103 MP: 26/26
 12924 | Lair:5   | Killed a death yak
 12927 | Lair:5   | Killed a death yak
 12928 | Lair:5   | Killed a death yak
 12933 | Lair:5   | Killed a death yak
 12934 | Lair:5   | Acquired Fedhas' fifth power
 13138 | Lair:5   | Identified a scroll of acquirement
 13171 | Lair:5   | Found a hole to the Spider Nest.
 13800 | Lair:6   | Reached skill level 5 in Armour
 13977 | Lair:6   | Found a staircase to the Slime Pits.
 15254 | Lair:8   | Entered Level 8 of the Lair of Beasts
 15276 | Lair:8   | Found a frozen archway.
 15295 | IceCv    | Entered an ice cave
 15836 | IceCv    | Reached skill level 10 in Invocations
 16383 | IceCv    | Reached XP level 14. HP: 90/113 MP: 29/29
 17469 | Lair:8   | Reached skill level 13 in Axes
 17936 | Lair:8   | Gained mutation: You are partially covered in large bone plates (AC +2, SH +2). [potion of mutation]
 17936 | Lair:8   | Gained mutation: Potions and wands are less effective at restoring your health. [potion of mutation]
 17936 | Lair:8   | Gained mutation: You are dopey. (Int -2) [potion of mutation]
 17937 | Lair:8   | Lost mutation: You are dopey. (Int -2) [potion of cure mutation]
 17937 | Lair:8   | Lost mutation: You have sharp fingernails. [potion of cure mutation]
 17937 | Lair:8   | Lost mutation: You can spit poison. [potion of cure mutation]
 17937 | Lair:8   | Lost mutation: You are partially covered in large bone plates (AC +2, SH +2). [potion of cure mutation]
 17974 | Lair:8   | Reached skill level 14 in Axes
 18969 | D:10     | Entered Level 10 of the Dungeon
 19067 | D:10     | Found Achipomn's Antique Weapon Boutique.
 19284 | D:10     | Reached skill level 15 in Axes
 19599 | D:11     | Found a flagged portal.
 19625 | Bailey   | Entered a bailey
 19966 | Bailey   | Gained mutation: Potions and wands are poor at restoring your health. [potion of mutation]
 19966 | Bailey   | Gained mutation: Your mind is acute. (Int +2) [potion of mutation]
 19966 | Bailey   | Gained mutation: Armour fits poorly on your strangely shaped body. [potion of mutation]
 19967 | Bailey   | Lost mutation: Potions and wands are poor at restoring your health. [potion of cure mutation]
 19967 | Bailey   | Lost mutation: Armour fits poorly on your strangely shaped body. [potion of cure mutation]
 19967 | Bailey   | Lost mutation: Your mind is acute. (Int +2) [potion of cure mutation]
 20141 | D:11     | Found a sparkling altar of Nemelex Xobeh.
 20166 | D:11     | Reached XP level 15. HP: 119/119 MP: 30/30
 20869 | D:11     | Found a portal to a secret trove of treasure.
 20989 | D:12     | Found a staircase to the Orcish Mines.
 21222 | D:12     | Reached skill level 16 in Axes
 21507 | Orc:1    | Entered Level 1 of the Orcish Mines
 21550 | Orc:1    | Found a roughly hewn altar of Beogh.
 21644 | Orc:1    | Found a bloodstained altar of Trog.
 21809 | Orc:2    | Noticed Snorg
 21815 | Orc:2    | Killed Snorg
 22192 | D:4      | Bought the +8 Wrath of Trog {antimagic, *Rage} for 2500 gold pieces
 22848 | Orc:2    | Reached skill level 1 in Shields
 23263 | Orc:3    | Found a roughly hewn altar of Beogh.
 23302 | Orc:3    | Noticed Grum
 23312 | Orc:3    | Killed Grum
 23326 | Orc:3    | Found a staircase to the Elven Halls.
 23396 | Orc:3    | Noticed Sonja
 23403 | Orc:3    | Noticed Gastronok
 23404 | Orc:3    | Killed Sonja
 23411 | Orc:3    | Killed Gastronok
 23572 | Orc:3    | You fall through a shaft!
 23572 | Orc:4    | Entered Level 4 of the Orcish Mines
 24408 | Orc:4    | Found Karubampa's Magic Scroll Emporium.
 24408 | Orc:4    | Found Cihedori's Gadget Boutique.
 24412 | Orc:4    | Found Skeiwar's Antique Armour Shop.
 24414 | Orc:4    | Found Klokkept's Assorted Antiques.
 24438 | Orc:4    | Reached skill level 5 in Shields
 24618 | Orc:4    | Found Damoo's Jewellery Boutique.
 25636 | D:14     | Noticed Urug
 25646 | D:14     | Killed Urug
 25912 | D:14     | Found a gate to the Vaults.
 25971 | D:14     | Reached skill level 17 in Axes
 26011 | D:14     | Reached XP level 16. HP: 113/125 MP: 10/30
 26161 | D:14     | Found a glowing golden altar of the Shining One.
 26438 | D:15     | Entered Level 15 of the Dungeon
 26719 | D:15     | Found a staircase to the Depths.
 27817 | Swamp:1  | Entered Level 1 of the Swamp
 27900 | Swamp:1  | Reached skill level 18 in Axes
 27987 | Swamp:1  | Got a pair of jewelled gloves
 27998 | Swamp:1  | Identified the cursed -2 pair of gloves of Fortification {Dex+3} (You found it on level 1 of the Swamp)
 28051 | Swamp:1  | Noticed Maud
 28052 | Swamp:1  | Noticed Frances
 28092 | Swamp:1  | Killed Maud
 28319 | Swamp:1  | Killed Frances
 29117 | Swamp:2  | Noticed a thorn hunter
 29185 | Swamp:2  | Noticed a thorn hunter
 29615 | Swamp:2  | Noticed Agnes
 29626 | Swamp:2  | You fall through a shaft!
 30061 | Swamp:3  | Reached XP level 17. HP: 98/131 MP: 11/31
 30179 | Swamp:3  | Noticed Asterion
 30188 | Swamp:3  | Noticed a spectral weapon
 30188 | Swamp:3  | Killed Asterion
 30188 | Swamp:3  | Reached skill level 10 in Shields
 30607 | Swamp:3  | Killed Agnes
 31024 | Swamp:3  | Noticed Donald
 31032 | Swamp:3  | Killed Donald
 31139 | Swamp:3  | Noticed Nikola
 31151 | Swamp:3  | Killed Nikola
 31203 | Swamp:3  | Noticed a thorn hunter
 31283 | Swamp:3  | Lost mutation: Potions and wands are less effective at restoring your health. [potion of cure mutation]
 32091 | Swamp:4  | Found a burning altar of Makhleb.
 32438 | Swamp:5  | Entered Level 5 of the Swamp
 32902 | Swamp:5  | Noticed Roxanne
 33012 | Swamp:5  | Killed Roxanne
 33018 | Swamp:5  | Identified Roxanne's Reference Book on Mutagenic Stones (You took it off Roxanne on level 5 of the Swamp)
 33792 | Swamp:5  | Noticed a bone dragon
 33807 | Swamp:5  | Killed a bone dragon
 33807 | Swamp:5  | Reached skill level 15 in Shields
 33816 | Swamp:5  | Got a decaying rune of Zot
 34582 | Spider:1 | Entered Level 1 of the Spider Nest
 34880 | Spider:1 | Reached XP level 18. HP: 133/136 MP: 10/32
 34951 | Spider:1 | Got a brightly glowing short sword
 35763 | Spider:2 | Got a jade-studded ring mail
 35774 | Spider:2 | Identified the +3 ring mail of Autumn {rN++ Dex+2} (You found it on level 2 of the Spider Nest)
 37784 | Spider:4 | Noticed Arachne
 37959 | Spider:3 | Killed Arachne
 38357 | Spider:4 | Noticed Aizul
 38368 | Spider:4 | Killed Aizul
 38730 | Spider:5 | Entered Level 5 of the Spider Nest
 39276 | Spider:5 | Got an ancient scale mail
 39413 | Spider:5 | Identified the +2 scale mail of the Armoured One {rF+ rCorr} (You found it on level 5 of the Spider Nest)
 39823 | Spider:5 | Got a steaming jade ring
 39825 | Spider:5 | Identified the ring "Mnyd" {Ice MR+ Str+4} (You found it on level 5 of the Spider Nest)
 40082 | Spider:5 | Reached skill level 10 in Armour
 40111 | Spider:5 | Reached XP level 19. HP: 138/147 MP: 0/34
 40119 | Spider:5 | Noticed Mara
 40130 | Spider:5 | Noticed wheals' illusion
 40164 | Spider:5 | Killed wheals' illusion
 40337 | Spider:5 | Noticed wheals' illusion
 40794 | Spider:5 | Noticed wheals' illusion
 40800 | Spider:5 | Killed Mara
 41708 | Spider:5 | Got a gossamer rune of Zot
 42429 | Vaults:1 | Entered Level 1 of the Vaults
 42475 | Vaults:1 | Found Lenuerub's Assorted Antiques.
 42689 | Vaults:1 | Gained mutation: You have an increased reservoir of magic (+10% MP). [potion of beneficial mutation]
 42718 | Vaults:1 | Found a glowing silver altar of Zin.
 42820 | Vaults:1 | Reached skill level 15 in Fighting
 43487 | Vaults:1 | Found Oxathrip's General Store.
 43720 | Vaults:1 | Reached XP level 20. HP: 117/161 MP: 12/38
 43756 | Vaults:1 | Found Mneriqaox's Book Boutique.
 44021 | Vaults:2 | Found a flickering gateway to a bazaar.
 44033 | Bazaar   | Entered a bazaar
 44033 | Bazaar   | Found Strigroc's Weapon Emporium.
 44033 | Bazaar   | Found Nouptife's General Store.
 44033 | Bazaar   | Found Peinium's Antique Weapon Shoppe.
 44034 | Bazaar   | Found Weyriw's Food Shop.
 44035 | Bazaar   | Found Phaebir's Armour Shoppe.
 44043 | Bazaar   | Bought 2 potions of curing for 78 gold pieces
 44370 | Orc:4    | Bought a glowing pearl dragon armour for 2900 gold pieces
 44703 | Vaults:2 | Found an iron altar of Okawaru.
 45410 | Vaults:1 | Bought a potion of curing for 54 gold pieces
 46067 | Vaults:3 | Found a staircase to the Crypt.
 46884 | Vaults:4 | Reached skill level 15 in Armour
 46895 | Vaults:4 | Reached XP level 21. HP: 167/172 MP: 12/38
 47018 | Vaults:4 | Noticed Frederick
 47039 | Vaults:4 | Killed Frederick
 47095 | Vaults:4 | Noticed Margery
 47109 | Vaults:4 | Killed Margery
 47706 | Vaults:4 | Noticed Mennas
 47717 | Vaults:4 | Killed Mennas
 48172 | Vaults:4 | Upgraded the game from 0.16.0-8-gd9ae3a8 to 0.16.0-11-gd45b091
 48455 | Depths:1 | Entered Level 1 of the Depths
 48481 | Depths:1 | Reached XP level 22. HP: 184/184 MP: 13/39
 48556 | Depths:1 | Reached skill level 19 in Fighting
 48630 | Depths:1 | Found a gateway to Hell.
 48708 | Depths:1 | Found a gateway to a ziggurat.
 49863 | Depths:2 | Found a one-way gate leading to the halls of Pandemonium.
 49994 | Depths:2 | Reached skill level 20 in Axes
 50598 | Depths:2 | Reached skill level 21 in Axes
 50600 | Depths:2 | Reached XP level 23. HP: 63/192 MP: 13/39
 50862 | Depths:2 | Noticed a caustic shrike
 50888 | Depths:2 | Reached skill level 1 in Dodging
 50916 | Depths:2 | Noticed a caustic shrike
 50992 | Depths:2 | Killed a caustic shrike
 50998 | Depths:2 | Noticed a caustic shrike
 51003 | Depths:2 | Noticed a caustic shrike
 51007 | Depths:2 | Killed a caustic shrike
 51009 | Depths:2 | Killed a caustic shrike
 51013 | Depths:2 | Killed a caustic shrike
 51366 | Depths:2 | Noticed a golden dragon
 51375 | Depths:2 | Killed a golden dragon
 51451 | Depths:2 | Got a pitted marble ring
 51453 | Depths:2 | Identified the ring "Ycuerah" {rPois rC- MR+ Dex+3 Stlth+} (You found it on level 2 of the Depths)
 52038 | Depths:3 | Reached skill level 5 in Dodging
 52355 | Depths:3 | Reached XP level 24. HP: 122/201 MP: 13/41
 52555 | Depths:3 | Found a one-way gate to the infinite horrors of the Abyss.
 53327 | Depths:4 | Reached skill level 20 in Fighting
 53360 | Depths:4 | Got a creamy pearl robe
 54244 | Depths:4 | Got a faintly humming ring mail
 54962 | Depths:5 | Entered Level 5 of the Depths
 54973 | Depths:5 | Noticed Boris
 54993 | Depths:5 | Killed Boris
 55916 | Depths:5 | Reached XP level 25. HP: 124/211 MP: 14/42
 56361 | Depths:5 | Found a gate to the Realm of Zot.
 56887 | Depths:1 | Got a steaming great mace
 56888 | Depths:1 | Identified the +9 great mace "Lorch" {speed, rC+ Int-4 Dex+4 SInv Stlth+} (You found it on level 1 of the Depths)
 57433 | Vaults:1 | Bought a scroll of enchant armour for 135 gold pieces
 57487 | Vaults:1 | Bought a potion of heal wounds for 125 gold pieces
 57635 | Vaults:5 | Entered Level 5 of the Vaults
 57715 | Vaults:5 | Reached skill level 10 in Dodging
 58138 | Vaults:5 | Got a fine great sword
 58139 | Vaults:5 | Identified the cursed +0 great sword "Ahibraim" {drain, Contam Noisy rPois rN+ Dex+4} (You took it off a fire giant on level 5 of the Vaults)
 58235 | Vaults:5 | Got a silver rune of Zot
 58404 | Vaults:5 | Reached skill level 20 in Armour
 58690 | Vaults:5 | Reached XP level 26. HP: 128/222 MP: 14/42
 59062 | Vaults:5 | Found Nacueff's General Store.
 59069 | Vaults:5 | Bought a scroll of magic mapping for 42 gold pieces
 59196 | Vaults:5 | Reached skill level 22 in Fighting
 59274 | Vaults:5 | Identified the Incunabulum of Summoning
 59557 | Vaults:5 | Found Coaf Fra's Magic Scroll Emporium.
 59566 | Vaults:5 | Bought a scroll of enchant weapon for 150 gold pieces
 59567 | Vaults:5 | Bought a scroll of fear for 70 gold pieces
 59567 | Vaults:5 | Bought a scroll of magic mapping for 70 gold pieces
 60193 | D:11     | You paid a toll of 17 potions of curing to enter a treasure trove
 60194 | Trove    | Entered a treasure trove
 60231 | Trove    | Got a scorched hand axe
 60233 | Trove    | Identified the +6 hand axe of Xuhedghu {chop, Str+3} (You found it in a treasure trove)
 60247 | Trove    | Got a heavily runed golden amulet
 60248 | Trove    | Identified the amulet "Klae" {rPois rC+ Regen+ Str+3} (You found it in a treasure trove)
 60271 | Trove    | Got a twitching gossamer ring
 60272 | Trove    | Identified the ring "Deochoeg" {Wiz MP+9 Dex+3} (You found it in a treasure trove)
 60790 | Zot:1    | Entered Level 1 of the Realm of Zot
 60912 | Zot:3    | Found a glowing silver altar of Zin.
 61362 | Zot:5    | Entered Level 5 of the Realm of Zot
 61408 | Zot:5    | Got a brightly glowing iron ring
 61409 | Zot:5    | Identified the ring "Hyskonos" {+Fly rPois rF- rC+ Int-2 SInv} (You found it on level 5 of the Realm of Zot)
 61912 | Zot:5    | Reached XP level 27. HP: 192/231 MP: 14/44
 62035 | Zot:5    | Noticed an ancient lich
 62069 | Zot:5    | Killed an ancient lich
 62391 | Zot:5    | Noticed an orb of fire
 62407 | Zot:5    | Killed an orb of fire
 62407 | Zot:5    | Reached skill level 23 in Fighting
 62985 | Zot:5    | Noticed an ancient lich
 62998 | Zot:5    | Killed an ancient lich
 63010 | Zot:5    | Noticed an ancient lich
 63011 | Zot:5    | Noticed an ancient lich
 63041 | Zot:5    | Noticed an ancient lich
 63083 | Zot:5    | Killed an ancient lich
 63326 | Zot:5    | Killed an ancient lich
 63339 | Zot:5    | Killed an ancient lich
 63523 | Zot:5    | Got the Orb of Zot
 63558 | Zot:5    | Noticed Wigralis the pandemonium lord
 63558 | Zot:5    | Noticed an ancient lich
 63568 | Zot:5    | Killed Wigralis the pandemonium lord
 63569 | Zot:5    | Killed an ancient lich
 63877 | Depths:4 | Noticed Mahuph the pandemonium lord
 63877 | Depths:4 | Noticed an ancient lich
 63883 | Depths:4 | Killed Mahuph the pandemonium lord
 63885 | Depths:4 | Killed an ancient lich
 64209 | D:6      | Reached skill level 24 in Fighting
 64407 | D:$      | Escaped with the Orb!

Action                   |  1- 3 |  4- 6 |  7- 9 | 10-12 | 13-15 | 16-18 | 19-21 | 22-24 | 25-27 || total
-------------------------+-------+-------+-------+-------+-------+-------+-------+-------+-------++-------
Melee: Dagger            |    52 |   163 |    55 |       |       |       |       |       |       ||   270
       Morningstar       |       |       |   175 |   182 |       |       |       |       |       ||   357
       Battleaxe         |       |       |       |   284 |  1030 |  1077 |   877 |   848 |   864 ||  4980
       Flail             |       |       |       |     1 |       |       |       |       |       ||     1
       Executioner's axe |       |       |       |       |    17 |       |       |    12 |       ||    29
 Fire: Blowgun           |     3 |    19 |       |       |       |       |       |       |       ||    22
Invok: Evolution         |       |     1 |     3 |    10 |    11 |    11 |       |       |     8 ||    44
       Growth            |       |       |       |     1 |     1 |     7 |       |       |     3 ||    12
       Sunlight          |       |       |       |       |       |     1 |       |     2 |       ||     3
       Rain              |       |       |       |       |       |       |     1 |       |     2 ||     3
 Abil: Dig               |       |     1 |     1 |     5 |     2 |    10 |     1 |     1 |    12 ||    33
       Shaft Self        |       |       |       |       |       |     1 |       |       |       ||     1
Evoke: Wand              |       |       |       |     2 |     1 |    14 |     1 |       |       ||    18
       Rod               |       |       |       |     4 |       |       |       |       |       ||     4
       Box of beasts     |       |       |       |       |       |     6 |     1 |     2 |       ||     9
       Fan of gales      |       |       |       |       |       |     2 |       |     2 |       ||     4
       Sack of spiders   |       |       |       |       |       |     1 |     4 |       |       ||     5
       Phantom mirror    |       |       |       |       |       |       |       |       |     1 ||     1
  Use: Scroll            |       |    12 |    10 |    11 |    11 |     6 |     2 |     5 |    15 ||    72
       Potion            |       |     4 |     2 |       |     5 |    18 |     3 |     1 |     7 ||    40
 Stab: Sleeping          |     1 |       |     8 |       |     2 |     1 |     1 |       |       ||    13
       Distracted        |     1 |       |       |     3 |     2 |     2 |       |       |     3 ||    11
       Confused          |       |       |     1 |       |       |     1 |       |       |       ||     2
       Paralysed         |       |       |       |     1 |     1 |       |       |       |       ||     2
       Invisible         |       |       |       |       |       |     1 |       |       |       ||     1
       Petrified         |       |       |       |       |       |       |       |     1 |       ||     1
  Eat: Chunk             |     1 |     5 |    10 |    19 |    35 |    43 |    17 |    21 |    16 ||   167
       Royal jelly       |       |       |       |     1 |       |     2 |       |     1 |       ||     4
       Beef jerky        |       |       |       |     1 |       |       |     7 |     1 |     1 ||    10
       Pizza             |       |       |       |       |     3 |       |       |       |       ||     3
       Meat ration       |       |       |       |       |     1 |       |       |       |     2 ||     3

Vault maps used:
D:1:      saegor_arrival_under_anarchy
D:2:      overflow_temple_1_default, grunt_temple_overflow_diamond,
          fountainhead, uniq_terence
D:3:      cheibriados_altar_1, xom_teletrap_fun, kennysheep_generic_room_16
D:4:      okawaru_altar_gauntlet_db, first_bread, serial_shops, shop,
          uniq_menkaure, uniq_crazy_yiuf_cottage, uniq_edmund, uniq_eustachio
D:5:      minmay_crystal_water, uniq_sigmund
D:6:      nicolae_overflow_hidden_temple, minmay_temple_entry_glass
D:7:      old_standard_altar
D:8:      lemuel_round_altar
D:9:      old_standard_altar, lair_0_dummy
D:10:     serial_shops, shop, the_bakery
D:11:     enter_trove_5, enter_bailey_3, nemelex_xobeh_ov_fountains_minmay
D:12:     orc_0_dummy, serial_glass, glass_columns_a, glass_columns_a,
          glass_columns_a, glass_columns_b, glass_columns_a, glass_columns_b
D:14:     david_vaults_1, tso_metal_star, uniq_urug
D:15:     hangedman_depths_entry_civil_slaughter, spider_trap
Lair:1:   serial_bayou_ford_a
Lair:2:   lemuel_fruit_tree
Lair:3:   serial_forest, infiniplex_forest_straight_4, infiniplex_forest_3_way,
          infiniplex_forest_side_room, infiniplex_forest_straight_2,
          infiniplex_forest_pool, infiniplex_forest_clump_diagonal,
          infiniplex_forest_corner_1, infiniplex_forest_zigzag_1,
          grunt_forest_large_clearings, grunt_megastairs_2
Lair:4:   nicolae_swamp_entry_splash_gauntlet, nicolae_volcano_entry_batcave,
          lab_entry_generic, beast_lair_carwin_2
Lair:5:   nicolae_spider_entry_tight_spaces
Lair:6:   minmay_slime_entry_pillars, serial_pond, minmay_pond_plants_r,
          minmay_pond_plants_h, roderic_batcave
Lair:8:   minmay_lair_end_frog_pond, portal_ice_cave_entry_imps
Swamp:1:  infiniplex_staircase_pool, uniq_frances, uniq_maud
Swamp:2:  evilmike_swamp_ruin_house_6, uniq_agnes
Swamp:3:  evilmike_swamp_ruin_house_4, uniq_donald, uniq_asterion, uniq_nikola
Swamp:4:  evilmike_swamp_ruin_house_3, swamp_pool4,
          nicolae_swamp_feature_on_the_river_bank
Swamp:5:  swamp_pestilence, swamp_pool1, uniq_roxanne
Spider:4: uniq_aizul, uniq_arachne
Spider:5: spider_rune_water, spider_trap, uniq_mara
Orc:1:    basic_altar, bloody_trog
Orc:2:    uniq_snorg
Orc:3:    basic_altar, nicolae_orc_pool_cavern, uniq_grum, uniq_sonja,
          uniq_gastronok
Orc:4:    st_orc_rangers, serial_shops, shop, nooodl_orcs_dogs
Vaults:1: v_misc_18, v_misc_4, vaults_mumra_chevron,
          ontoclasm_vaults_loading_screen, grunt_vaults_twisty,
          ontoclasm_vaults_gallery, grunt_vaults_swirl, ontoclasm_vaults_spin,
          nicolae_vaults_three_branches, vaults_room_octagon,
          vaults_dpeg_diagonal, hangedman_vaults_corner_blocks,
          vaults_room_pools, basic_altar, serial_shops,
          nicolae_shop_behind_doors, shop_fountains, shop
Vaults:2: v_misc_9, ontoclasm_vaults_loading_screen,
          nicolae_vaults_ring_of_whatevers, v_misc_12, v_misc_13, basic_altar,
          serial_shops, bzr_entry_dummy
Vaults:3: vaults_room_corners, vaults_room_door_hall, v_misc_18,
          blue_anna_dwarven_crypt, hangedman_vaults_stagger,
          grunt_vaults_funnel, ontoclasm_vaults_gateway,
          nicolae_vaults_little_ls, v_misc_31, nicolae_vaults_circle_grid_a,
          nicolae_vaults_ring_of_whatevers, ontoclasm_vaults_fault
Vaults:4: v_misc_15, nicolae_vaults_ninety_degrees, v_misc_16, v_pattern_1,
          nicolae_vaults_stairing_the_circle, hangedman_vaults_variations,
          vaults_room_grid, v_misc_3, ontoclasm_vaults_chip,
          nicolae_vaults_branching_niches, vaults_room_large_hall,
          nicolae_vaults_circle_grid_a, vaults_dpeg_ring, uniq_mennas,
          uniq_frederick, uniq_margery
Depths:1: minmay_ice_pillars, enter_ziggurat_f, hell_entry,
          kennysheep_decorative_pillar, minmay_tree_intersection,
          minmay_misc_feat_cross, lemuel_flamethrower_2
Depths:2: grunt_bent_corner, rand_demon_pan_entry_7, hell_entry
Depths:3: minmay_containers, minmay_misc_feat_diagonals, hell_entry,
          serial_column_ruins, column_ruins_portal_island,
          column_ruins_hut_ruined, column_ruins_columns_water,
          column_ruins_corridor_T, column_ruins_columns_straight,
          column_ruins_open_large, column_ruins_open_medium,
          rand_demon_pan_entry_9
Depths:4: hangedman_crystal_crosses_colossus, abyss_entry, serial_shops,
          hell_entry
Depths:5: grunt_zot_entry_hairpin, hex_intersection, pf_coc_iceberg,
          basic_stair_grate_trap, serial_bayou_shore_b, uniq_boris
Zot:2:    evilmike_crystal_ball_defense
Zot:3:    nicolae_zot_draconian_monastery
Zot:5:    grunt_ministairs_12
Lab:      labyrinth_watery, nicolae_lab_starburst, labyrinth_skeletal_remains
Bazaar:   bazaar_minmay_generic_island
Trove:    trove_garden
Bailey:   bailey_axe_2, bailey
IceCv:    ice_cave_small_demon

Table legend:
 A = Turns spent in this place as a percentage of turns spent in the entire game.
 B = Non-inter-level travel turns spent in this place as a percentage of non-inter-level travel turns spent in the entire game.
 C = Inter-level travel turns spent in this place as a percentage of turns spent in this place.
 D = Turns resting spent in this place as a percentage of non-inter-level travel turns spent in this place.
 E = Turns spent auto-exploring this place as a percentage of non-inter-level travel turns spent in this place.
 F = Non-inter-level travel turns spent in this place divided by the number of levels of this place that you've seen.
                   A       B       C       D       E      F
               +-------+-------+-------+-------+-------+----------------------
         Total | 100.0 | 100.0 |   0.7 |   2.0 |   7.0 | 381.4
       Dungeon |  20.7 |  20.6 |   1.2 |   1.3 |   9.9 | 298.8
          Lair |  12.5 |  12.5 |   0.7 |   1.9 |   9.0 | 338.8
         Swamp |   9.7 |   9.8 |   0.4 |   3.4 |   5.4 | 424.2
   Spider Nest |  10.1 |  10.1 |   0.6 |   2.5 |   6.6 | 438.4
  Orcish Mines |   5.1 |   5.1 |   1.2 |   0.9 |   6.3 | 276.5
        Vaults |  14.6 |  14.6 |   0.7 |   0.9 |   7.4 | 635.8
        Depths |  16.4 |  16.4 |   0.6 |   2.4 |   6.6 | 713.8
           Zot |   6.1 |   6.1 |   0.1 |   4.0 |   1.3 | 267.2
     Labyrinth |   0.9 |   0.9 |   0.0 |   0.0 |   0.0 | 198.0
        Bazaar |   0.3 |   0.3 |   0.0 |   0.0 |   0.0 |  56.0
         Trove |   0.4 |   0.4 |   0.0 |   0.0 |   0.0 |  86.0
        Bailey |   1.1 |   1.1 |   0.0 |   0.8 |   4.9 | 247.0
      Ice Cave |   2.1 |   2.1 |   0.0 |   4.8 |   0.7 | 460.0
               +-------+-------+-------+-------+-------+----------------------

Table legend:
 A = Kills in this place as a percentage of kills in entire the game.
 B = Kills by you in this place as a percentage of kills by you in the entire game.
 C = Kills by friends in this place as a percentage of kills by friends in the entire game.
 D = Other kills in this place as a percentage of other kills in the entire game.
 E = Experience gained in this place as a percentage of experience gained in the entire game.
 F = Experience gained in this place divided by the number of levels of this place that you have seen.
                   A       B       C       D       E      F
               +-------+-------+-------+-------+-------+----------------------
         Total | 100.0 | 100.0 | 100.0 | 100.0 | 100.0 | 21971.1
       Dungeon |  17.9 |  18.5 |  10.6 |  12.5 |   5.3 | 4454.2
          Lair |  13.9 |  11.7 |  44.7 |   0.0 |   4.4 | 6921.2
         Swamp |   9.1 |   7.9 |  25.5 |  25.0 |   5.9 | 14661.6
   Spider Nest |   9.1 |   9.7 |   0.6 |  12.5 |   7.4 | 18559.8
  Orcish Mines |   8.5 |   9.2 |   0.0 |   0.0 |   1.1 | 3527.0
        Vaults |  19.4 |  19.5 |  17.4 |  25.0 |  27.4 | 68582.2
        Depths |  15.7 |  16.7 |   0.6 |  25.0 |  30.8 | 77056.0
           Zot |   3.9 |   4.2 |   0.6 |   0.0 |  17.2 | 43100.8
     Labyrinth |   0.0 |   0.0 |   0.0 |   0.0 |   0.1 | 868.0
        Bailey |   1.4 |   1.5 |   0.0 |   0.0 |   0.0 | 348.0
      Ice Cave |   1.1 |   1.1 |   0.0 |   0.0 |   0.4 | 5044.0
               +-------+-------+-------+-------+-------+----------------------
